 Dungeon Crawl Stone Soup version 0.19.1 (webtiles) character file.

133 Host24 the Sneak (level 5, -1/34 HPs)
             Began as a Kobold Assassin on Dec 24, 2016.
             Slain by an orc wizard
             ... wielding a +0 dagger
              (2 damage)
             ... on level 3 of the Dungeon.
             The game lasted 00:05:11 (2317 turns).

Host24 the Sneak (Kobold Assassin)                  Turns: 2317, Time: 00:05:11

Health: -1/34      AC:  4    Str:  6 (8)  XL:     5   Next: 39%
Magic:  5/5        EV: 16    Int:  9 (12) God:
Gold:   143        SH:  0    Dex: 16 (18) Spells: 0 memorised, 4 levels left

rFire  + . .     SeeInvis .     a - +3 dagger
rCold  + . .     Gourm    .     c - +0 robe
rNeg   . . .     Faith    .     (shield restricted)
rPois  +         Spirit   .     x - +0 helmet
rElec  +         Reflect  .     d - +0 cloak
rCorr  +         Harm     .     (no gloves)
MR     .....                    (no boots)
Stlth  +.........               (no amulet)
                                (no ring)
                                (no ring)

@: confused, resistant, very slightly contaminated, hasted, very quick
A: carnivore 3
a: no special abilities


You were on level 3 of the Dungeon.
You were completely stuffed.

You visited 1 branch of the dungeon, and saw 3 of its levels.

You collected 143 gold pieces.

Inventory:

Hand Weapons
 a - a +3 dagger (weapon)
 b - a +0 blowgun
Missiles
 e - 27 poisoned needles
 f - 2 curare-tipped needles
 h - 50 arrows
 i - 82 stones (quivered)
 y - 5 needles of confusion
Armour
 c - a +0 robe (worn)
 d - a +0 cloak (worn)
 x - a +0 helmet (worn)
Jewellery
 w - an uncursed ring of wizardry {unknown}
Scrolls
 p - a scroll of remove curse {unknown}
 r - a scroll of random uselessness
 s - a scroll of fear {unknown}
 u - a scroll of immolation {unknown}
 v - a scroll of teleportation {unknown}
 z - a scroll of blinking {unknown}
Comestibles
 g - 3 meat rations
 l - a slice of pizza
 q - a beef jerky


   Skills:
 - Level 4.5 Fighting
 - Level 2.6 Short Blades
 - Level 2.1 Throwing
 + Level 3.8 Dodging
 - Level 5.3 Stealth


You had 4 spell levels left.
You didn't know any spells.

Dungeon Overview and Level Annotations

Branches:
Dungeon (3/15)

Altars:
Okawaru
Yredelemnul


Innate Abilities, Weirdness & Mutations

You are small and have problems with some larger weapons.
You are carnivorous and can eat meat at any time.


Message History

You're too confused!
You bump into the rock wall.
You hit the orc wizard.
The orc wizard is lightly wounded.
The orc wizard points at you and mumbles some strange words.
You are more confused.
The orc wizard gestures wildly while chanting.
The orc wizard flickers and vanishes!
Deactivating autopickup; reactivate with Ctrl-A.
The orc completely misses you.
You miss something.
The orc wizard hits you but does no damage.
You hear some strange, mumbled words.
A puff of flame appears from out of thin air!
The puff of flame misses you.
The puff of flame hits the orc wizard.
Unknown command.
You hit something. The orc misses you.
Unknown command.
You bump into the rock wall.
The orc wizard hits you with a dagger.
You die...

... #.. ....
#.# #... #.#
#{o# #.# #oo#
#o# #..# #o#
#.o# #@# #..#
#{# #..#
#####o###.##
# #.........#
#
#.###.#.....#
# #.#
#.#.###.# #
#.# #...# ...
# #.# ###.#
### # #.# #..


You could see an orc wizard and 2 orcs.

Vanquished Creatures
  Ijyb (D:2)
  Robin (D:3)
  2 adders (D:2)
  An ooze (D:2)
  2 worms (D:2)
  2 dart slugs
  A leopard gecko (D:2)
  7 bats
  3 giant cockroaches
  13 goblins
  5 hobgoblins
  A quokka (D:2)
  3 ball pythons (D:1)
  3 frilled lizards
  10 kobolds
  7 rats
62 creatures vanquished.

Notes
Turn   | Place    | Note
-------+----------+-------------------------------------------
     0 | D:1      | Host24 the Kobold Assassin began the quest for the Orb.
     0 | D:1      | Reached XP level 1. HP: 12/12 MP: 1/1
   257 | D:1      | Reached XP level 2. HP: 18/18 MP: 2/2
   560 | D:1      | Reached XP level 3. HP: 14/23 MP: 3/3
   949 | D:2      | Noticed Ijyb
   983 | D:2      | Killed Ijyb
   983 | D:2      | Reached XP level 4. HP: 13/30 MP: 4/4
  1467 | D:2      | Found an iron altar of Okawaru.
  1468 | D:2      | Found a basalt altar of Yredelemnul.
  1767 | D:2      | Found a faded altar of an unknown god.
  1770 | D:2      | Reached XP level 5. HP: 34/34 MP: 5/5
  2007 | D:3      | Noticed Robin
  2046 | D:3      | Killed Robin
  2311 | D:3      | HP: 1/34 [orc wizard/dagger (2)]
  2317 | D:3      | Slain by an orc wizard

Skill      XL: |  1  2  3  4 |
---------------+-------------+-----
Fighting       | 3 4 |  4.5
Dodging        | 3 |  3.8
Short Blades   | |  2.6
Throwing       | |  2.1
Stealth        | |  5.3

Action                   |  1- 3 |  4- 6 || total
-------------------------+-------+-------++-------
Melee: Dagger            |    94 |   157 ||   251
 Fire: Blowgun           |     4 |       ||     4
  Use: Potion            |       |     6 ||     6
       Scroll            |       |     2 ||     2
 Stab: Sleeping          |     5 |     9 ||    14
       Distracted        |     1 |       ||     1
  Eat: Chunk             |     8 |     5 ||    13
Armor: Robe              |    22 |    20 ||    42
Dodge: Dodged            |    60 |    88 ||   148
